AoeStats
← adjorno

Arena

508179771Analyzed
2v2 RM · 11d ago on Sep 21, 2026· 39m 57s· 4 players
Game mode
Random Map
Map size
Medium (4 player)
Population
200
Speed
Normal
Resources
Standard
Victory
Conquest
Starting age
Dark Age
Ending age
Imperial Age
RankedLock teamsTeams togetherTeam positionsShared explorationLock speedFull tech treeHidden civsTurbo modeCheats
Victory
Defeat
🇮🇳 Chinese · India
1078
+13
🇧🇩 Franks · Bangladesh
1029
+15
🇳🇱 Khmer · Netherlands
1041
-15
🇯🇵 Japanese · Japan
992
-13
omarsarwar07
11:00 Feudal Age
12:18 Wheelbarrow
14:44 Castle Age
13:35 Double-Bit Axe
24:30 Gold Mining
24:52 Bow Saw
30:07 Imperial Age
28:19 Gold Shaft Mining
27:55 Scale Barding Armor
28:01 Forging
29:01 Chain Barding Armor
28:30 Loom
29:03 Husbandry
30:32 Iron Casting
29:37 Light Cavalry
32:13 Chemistry
31:20 Siege Engineers
31:53 Hand Cart
31:31 Onager
34:25 Cavalier
38:31 Blast Furnace
38:07 Plate Barding Armor
39:05 Cavalier
findingmontoo7
0:29 Loom
11:21 Feudal Age
16:19 Castle Age
14:25 Double-Bit Axe
14:38 Horse Collar
15:43 Gold Mining
17:16 Bow Saw
17:50 Heavy Plow
20:13 Wheelbarrow
24:05 Fletching
25:05 Bodkin Arrow
26:13 Ballistics
26:23 Hand Cart
26:20 Padded Archer Armor
27:26 Town Watch
30:53 Imperial Age
28:46 Leather Archer Armor
30:35 Thumb Ring
31:56 Gold Shaft Mining
31:13 Stone Mining
31:07 Elite Chu Ko Nu
32:07 Bracer
33:16 Chemistry
32:43 Conscription
33:54 Ring Archer Armor
34:40 Scale Mail Armor
adjorno
12:09 Feudal Age
13:30 Loom
16:09 Castle Age
14:38 Double-Bit Axe
17:34 Bow Saw
19:09 Wheelbarrow
24:37 Hand Cart
29:04 Imperial Age
28:41 Scale Barding Armor
28:49 Town Watch
29:39 Bloodlines
29:47 Double Crossbow
30:03 Fletching
31:10 Conscription
30:55 Husbandry
31:01 Gold Mining
31:04 Stone Mining
31:13 Bodkin Arrow
35:33 Tusk Swords
35:36 Elite Battle Elephant
36:20 Pikeman
37:06 Elite Ballista Elephant
37:11 Halberdier
38:03 Bracer
38:04 Padded Archer Armor
38:25 Chain Barding Armor
38:15 Forging
39:09 Murder Holes
39:34 Ballistics
39:20 Scale Mail Armor
Jojo
2:09 Loom
11:16 Feudal Age
16:27 Castle Age
14:35 Man-at-Arms
15:04 Double-Bit Axe
15:03 Horse Collar
15:34 Gold Mining
16:30 Fletching
17:46 Bodkin Arrow
19:32 Bow Saw
21:26 Heavy Plow
26:13 Ballistics
28:21 Squires
28:34 Pikeman
30:00 Padded Archer Armor
30:18 Forging
30:08 Scale Mail Armor
32:43 Wheelbarrow
32:40 Thumb Ring
36:02 Imperial Age
33:47 Long Swordsman
34:39 Gambesons
35:36 Chain Mail Armor
35:24 Guard Tower
35:51 Arson
37:19 Leather Archer Armor
37:29 Hand Cart
38:32 Elite Skirmisher
38:39 Two-Handed Swordsman
Connection lost

Rejoining the realm…

Still unreachable

The connection could not be restored.

Session expired

The server has moved on; the page needs a fresh start.